 Dungeon Crawl Stone Soup version 0.30-a0-137-gd8773701ce (webtiles) character file.

Game seed: 3009276949706237007

2298 jimonade the Skirmisher (level 9, -11/61 HPs)
             Began as a Formicid Hunter on Sept 23, 2022.
             Was a Follower of Okawaru.
             Killed by divine providence
             ... invoked by an orc priest
              (13 damage)
             ... on level 9 of the Dungeon.
             The game lasted 00:17:02 (5227 turns).

jimonade the Skirmisher (Formicid Hunter)           Turns: 5227, Time: 00:17:03

Health: -11/61     AC: 11    Str: 15    XL:     9   Next: 67%
Magic:  9/9        EV: 10    Int: 10    God:    Okawaru [*.....]
Gold:   389        SH: 12    Dex: 21    Spells: 8/8 levels left

rFire   . . .      SeeInvis +    a - +0 shortbow (venom)
rCold   . . .      Faith    .    w - +0 kite shield
rNeg    . . .      Spirit   .    x - +0 ring mail
rPois   .          Reflect  .    (helmet unavailable)
rElec   .          Harm     .    q - +2 cloak
rCorr   .          Rampage  .    k - +2 pair of gloves
Will    .....                    (no boots)
Stlth   +.........               (no amulet)
HPRegen 0.20/turn                (no ring)
MPRegen 0.11/turn                (no ring)

@: no status effects
A: permanent stasis, dig shafts and tunnels, antennae 3, four strong arms
a: Dig, Shaft Self, Renounce Religion, Heroism


You were on level 9 of the Dungeon.
You worshipped Okawaru.
Okawaru was aware of your devotion.
You visited 2 branches of the dungeon, and saw 9 of its levels.
You also visited: Sewer.

You collected 389 gold pieces.

Inventory:

Hand Weapons
 a - a +0 shortbow of venom (weapon)
 l - a +0 shortbow
 r - a +0 sling
Armour
 c - a +0 leather armour
 e - a +1 tower shield
 k - a +2 pair of gloves (worn)
 q - a +2 cloak (worn)
 w - a +0 kite shield (worn)
 x - a +0 ring mail (worn)
Magical Staves
 n - a staff of fire
Wands
 o - a wand of quicksilver (6)
 y - a wand of iceblast (5)
 A - a wand of flame (14)
 C - a wand of polymorph (2)
Scrolls
 b - 2 scrolls of immolation
 f - 6 scrolls of identify
 h - 2 scrolls of enchant armour
 m - 2 scrolls of fear {unknown}
 s - 2 scrolls of enchant weapon {unknown}
 z - a scroll of summoning {unknown}
 B - a scroll of magic mapping {unknown}
 D - a scroll of vulnerability {unknown}
Potions
 d - a potion of lignification
 g - 2 potions of heal wounds {unknown}
 i - 4 potions of curing {unknown}
 j - a potion of might {unknown}
 p - 4 potions of brilliance {unknown}
 t - a potion of mutation {unknown}
 u - 2 potions of magic {unknown}
 v - 2 potions of haste {unknown}


   Skills:
 - Level 2.1 Fighting
 + Level 11.6 Ranged Weapons
 - Level 1.7 Dodging
 - Level 1.2 Stealth
 * Level 7.2 Shields


You had 8 spell levels left.
You didn't know any spells.
Your spell library contained the following spells:

 Spells                   Type           Power      Damage    Failure   Level
 Static Discharge         Conj/Air       0%         2-2/arc   93%         2
 Gell's Gravitas          Tloc           0%         N/A       99%         3
 Teleport Other           Tloc           0%         N/A       99%         3
 Dispel Undead            Necr           0%         3d6       100%        4
 Sticky Flame             Conj/Fire      0%         2d3       100%        4
 Dispersal                Tloc           0%         N/A       100%        6


Dungeon Overview and Level Annotations

Branches:
Dungeon (9/15)             Temple (1/1) D:6           Sewer (visited)
   Lair: D:8-11         Orc: D:9-12

Altars:
Ashenzari
Cheibriados
Dithmenos
Elyvilon
Fedhas
Gozag
Hepliaklqana
Kikubaaqudgha
Makhleb
Okawaru
Qazlal
Ru
Sif Muna
Uskayaw
Vehumet
Wu Jian
Yredelemnul
Zin
The Shining One

Shops:
D:5 *   D:6 *

Annotations:
D:2 Sigmund
D:4 exclusion: lemure, Grinder
D:9 exclusion: wolf


Innate Abilities, Weirdness & Mutations

You cannot be hasted, slowed, berserked, paralysed or teleported.
You can dig through walls and to a lower floor.
You have a pair of large antennae on your head. (SInv)
Your four strong arms can wield two-handed weapons with a shield.


Message History

The yak looks as sick as possible!
The yak is heavily wounded.
You feel sick. You block the yak's attack.
An orc wizard comes into view. It is wielding a +0 dagger.
You block the yak's attack.
The orc priest calls down the wrath of Beogh upon you.
Beogh smites you!
* * * LOW HITPOINT WARNING * * *
Fire: a) +0 shortbow (venom)
Press: ? - help, Q - select action, (/) - cycle Shift-Dir - straight line, f/p - orc priest
Aim: an orc priest, wielding a +1 dagger of venom (lightly wounded, 68% to hit)
You shoot an arrow. The arrow hits the yak!
The yak is severely wounded.
You feel sick. The yak completely misses you. The yak gores you.
* * * LOW HITPOINT WARNING * * *
Fire: a) +0 shortbow (venom)
Press: ? - help, Q - select action, (/) - cycle Shift-Dir - straight line, f/p - orc priest
Aim: an orc priest, wielding a +1 dagger of venom (lightly wounded, 68% to hit)
You shoot an arrow. The arrow completely misses the yak.
The arrow hits the orc priest.
The orc priest is heavily wounded.
You feel sick.
You are no longer poisoned.
A wraith comes into view.
The orc priest miscasts a cantrip.
You block the yak's attack. The yak gores you.
* * * LOW HITPOINT WARNING * * *
The yak attacks as you move away! The yak gores you!
* * * LOW HITPOINT WARNING * * *
The orc priest looks braver for a moment.
Fire: a) +0 shortbow (venom)
Press: ? - help, Q - select action, (/) - cycle Shift-Dir - straight line, f - yak, p - orc priest
Aim: a yak (heavily wounded, very poisoned, 77% to hit)
You shoot an arrow. The arrow hits the yak.
The yak is heavily wounded.
You kill the yak!
Okawaru accepts your kill.
The orc priest calls down the wrath of Beogh upon you.
Beogh smites you!
You die...

..........).......
.........W#....... {
..........######## {
........WY# { ........oo#
{ ##########'####### #
#....#.....Y.....# ####.#
#....#......†....# #....#
#....#.....Y@....# #.####
#....#...........###.# .##
#....#...........#...#
...##....#.............###
#.......#............##
###.....#............#
##....#............#
#####....#............#
#.....[..............#####


You could see 3 yaks, a wraith, an orc priest and an orc wizard.

Vanquished Creatures
  A wraith (D:9)
  2 yaks (D:9)
  A water moccasin (D:5)
  A sky beast (D:6)
  2 black bears
  2 ice beasts (D:6)
  A centaur (D:5)
  3 bullfrogs
  3 scorpions
  4 killer bees (D:7)
  A howler monkey (D:7)
  2 lava snakes (D:7)
  5 hounds
  3 jellies
  2 orc priests
  2 iguanas
  6 orc wizards
  3 gnolls (D:5)
  7 adders
  A river rat (D:5)
  2 white imps
  3 worms
  A dart slug (D:4)
  20 orcs
  4 bats
  7 endoplasms
  14 giant cockroaches
  2 hobgoblins
  2 jackals (D:1)
  5 kobolds
  5 quokkas
  10 ball pythons
  16 frilled lizards
  2 goblins
  5 rats
150 creatures vanquished.

Vanquished Creatures (others)
  A plant (D:3)
1 creature vanquished.

Grand Total: 151 creatures vanquished

Notes
Turn   | Place    | Note
-------+----------+-------------------------------------------
     0 | D:1      | jimonade the Formicid Hunter began the quest for the Orb.
     0 | D:1      | Reached XP level 1. HP: 16/16 MP: 1/1
   105 | D:1      | Reached XP level 2. HP: 22/22 MP: 2/2
   213 | D:1      | Reached XP level 3. HP: 27/27 MP: 3/3
   344 | D:1      | Reached skill level 1 in Shields
   451 | D:2      | You fall into a shaft and drop 1 floor!
   463 | D:2      | Found a faded altar of an unknown god.
   507 | D:2      | Noticed Sigmund
   610 | D:2      | Reached skill level 5 in Ranged Weapons
   778 | D:3      | Reached XP level 4. HP: 33/33 MP: 4/4
  1436 | D:4      | Reached XP level 5. HP: 38/38 MP: 5/5
  1502 | D:4      | Reached skill level 6 in Ranged Weapons
  1640 | D:4      | Noticed a lemure
  1830 | D:4      | Reached XP level 6. HP: 44/44 MP: 6/6
  1839 | D:4      | Found a sacrificial altar of Ru.
  1975 | D:4      | Noticed Grinder
  2040 | D:5      | Entered Level 5 of the Dungeon
  2052 | D:5      | Noticed a water moccasin
  2059 | D:5      | Killed a water moccasin
  2060 | D:5      | Reached skill level 7 in Ranged Weapons
  2087 | D:5      | Reached XP level 7. HP: 43/50 MP: 7/7
  2300 | D:5      | Reached skill level 8 in Ranged Weapons
  2327 | D:5      | Found a glowing drain.
  2337 | Sewer    | Entered a sewer
  2573 | Sewer    | Reached XP level 8. HP: 53/56 MP: 8/8
  2763 | D:5      | Found Wouliom's Assorted Antiques.
  2847 | D:5      | Reached skill level 9 in Ranged Weapons
  2855 | D:5      | Reached skill level 5 in Shields
  3384 | D:6      | Found a staircase to the Ecumenical Temple.
  3464 | D:6      | Reached skill level 10 in Ranged Weapons
  3470 | Temple   | Entered the Ecumenical Temple
  3562 | Temple   | Became a worshipper of Warmaster Okawaru
  3660 | D:6      | Found Pootteid's Assorted Antiques.
  3781 | D:6      | Reached XP level 9. HP: 61/61 MP: 9/9
  3963 | D:6      | Found a shimmering blue altar of Sif Muna.
  4531 | D:7      | Reached skill level 11 in Ranged Weapons
  4668 | D:7      | You fall into a shaft and drop 2 floors!
  4887 | D:9      | Reached * piety under Okawaru
  5067 | D:9      | Found a snail-covered altar of Cheibriados.
  5226 | D:9      | HP: 1/61 [yak (7)]
  5227 | D:9      | Killed from afar by an orc priest

Illustrated notes

Levels and vault maps discovered:
D:1:      dpeg_arrival_simpleton_c, layout_rooms
D:2:      minmay_chambers_of_twos, layout_basic, ebering_ecumenical_altar_mist,
          uniq_sigmund
D:3:      layout_rooms, serial_glass, glass_columns_c, glass_columns_b,
          minivault_14, reono_crystal_passage, minmay_shallow_snake_nest
D:4:      layout_basic, mainiacjoe_overflow_24_doors, uniq_pikel, uniq_grinder
D:5:      layout_loops_ring, gup_sewer_entry_bubbles, serial_shops,
          nicolae_shop_crystal, amcnicky_mini_pool_small
D:6:      layout_cave_pods, nicolae_sif_muna_condensation,
          minmay_temple_entry_waves, serial_shops,
          nicolae_shop_overgrown_old_shop
D:7:      layout_basic, grunt_decor_junction, nrook_loot_triangle
D:9:      layout_basic, general_overflow_altar, uniq_grum
Temple:   lightli_temple_of_artemis

Skill      XL: |  1  2  3  4  5  6  7  8  9 |
---------------+----------------------------+-----
Shields        | 1 2 3 4 5 7 |  7.2
Ranged Weapons | 5 6 7 8 10 11 | 11.6
Fighting       | |  2.1
Dodging        | |  1.7
Stealth        | |  1.2

Action                   |  1- 3 |  4- 6 |  7- 9 || total
-------------------------+-------+-------+-------++-------
 Fire: Shortbow          |    77 |   117 |   335 ||   529
 Abil: Shaft Self        |       |       |     1 ||     1
  Use: Scroll            |       |     6 |       ||     6
Armor: Leather armour    |     4 |    11 |     4 ||    19
       Ring mail         |       |       |    29 ||    29
Dodge: Dodged            |    14 |    33 |    40 ||    87
Block: Kite shield       |       |    11 |    66 ||    77
       Tower shield      |       |       |     2 ||     2

Table legend: (Time is in decaauts)
 A = Elapsed time spent in this place.
 B = Non-inter-level travel time spent in this place.
 C = Inter-level travel time spent in this place.
 D = Time resting spent in this place.
 E = Time spent auto-exploring this place.
 F = Levels seen in this place.
 G = Mean time per level.
                   A        B        C        D        E       F      G
               +--------+--------+--------+--------+--------+-----+--------+
         Total |   5437 |   5251 |    186 |    524 |   2737 |  10 |  543.7 |
       Dungeon |   4918 |   4745 |    173 |    524 |   2513 |   8 |  614.8 |
        Temple |    106 |     93 |     13 |      0 |     82 |   1 |  106.0 |
         Sewer |    411 |    411 |      0 |      0 |    142 |   1 |  411.0 |
               +--------+--------+--------+--------+--------+-----+--------+

Top non-repeatable levels by time:
     D:6: 1034 daAuts
     D:5: 883 daAuts
     D:4: 694 daAuts
     D:9: 564 daAuts
     D:2: 509 daAuts
     D:3: 462 daAuts
     D:1: 433 daAuts
   Sewer: 411 daAuts
     D:7: 337 daAuts
  Temple: 106 daAuts
